 Dungeon Crawl Stone Soup version 0.31-a0-978-g1e143483b6 (webtiles) character file.

Game seed: 14069538938352158376

121 mutifu the Covered (level 4, -2/40 HPs)
             Began as a Minotaur Fighter on Oct 30, 2023.
             Killed by divine providence
             ... invoked by an orc priest
              (13 damage)
             ... on level 3 of the Dungeon.
             The game lasted 00:07:45 (1251 turns).

mutifu the Covered (Minotaur Fighter)               Turns: 1251, Time: 00:07:46

Health: -2/40      AC: 11    Str: 22    XL:     4   Next: 76%
Magic:  3/3        EV:  9    Int:  5    God:
Gold:   52         SH:  0    Dex: 10    Spells: 3/3 levels left

rFire   . . .        a - +0 flail
rCold   . . .        c - +0 buckler
rNeg    . . .        b - +0 scale mail
rPois   .            f - +1 hat
rElec   .            j - +2 cloak {Stlth+}
rCorr   .            (no gloves)
SInv    .            (no boots)
Will    .....        (no amulet) Stlth
                     (no ring)
HPRegen 0.26/turn    (no ring)
MPRegen 0.08/turn

%: no passive effects
@: confused, mighty, ambrosia-drunk
A: horns 2, retaliatory headbutt
a: no special abilities


You were on level 3 of the Dungeon.
You visited 1 branch of the dungeon, and saw 3 of its levels.

You collected 52 gold pieces.

Inventory:

Hand Weapons
 a - a +0 flail (weapon)
Armour
 b - a +0 scale mail (worn)
 c - a +0 buckler (worn)
 f - a +1 hat (worn)
 j - a +2 cloak of stealth (worn)
Jewellery
 h - a ring of fire
 l - a ring of flight
Wands
 k - a wand of light (2)
Scrolls
 e - a scroll of identify
 n - 2 scrolls of blinking {unknown}
Potions
 i - a potion of enlightenment
 m - a potion of invisibility


   Skills:
 - Level 4.0 Fighting
 + Level 4.4 Maces & Flails
 + Level 4.6 Armour
 + Level 4.3 Shields


You had 3 spell levels left.
You didn't know any spells.
Your spell library contained the following spells:

 Spells                   Type           Power      Damage    Failure   Level
 Ozocubu's Armour         Ice            0%         N/A       99%         3
 Ozocubu's Refrigeration  Ice            0%         4d7       100%        7


Dungeon Overview and Level Annotations

Branches:
Dungeon (3/15)

Altars:

Shops:
D:1 :?*=


Innate Abilities, Weirdness & Mutations

You have a pair of horns on your head.
You reflexively headbutt those who attack you in melee.


Message History

You hit the ball python.
You kill the ball python!
You feel very mighty all of a sudden. The orc closely misses you.
You furiously retaliate!
You headbutt the orc!!
You kill the orc!
The quokka bites you. The quokka closely misses you.
Items here: ))) [[ †.
You hit the quokka. Your headbutt misses the quokka.
The quokka is heavily wounded.
The quokka bites you but does no damage.
You sock the quokka!
You kill the quokka!
You sock the orc priest!
The orc priest is heavily wounded.
You block the orc priest's attack.
You hit the orc priest.
The orc priest is almost dead.
The bat misses you.
The orc priest invokes the aid of Beogh against you.
Pain shoots through your body!
* * * LOW HITPOINT WARNING * * *
The bat barely misses you. The orc priest barely misses you.
You are confused.
You feel invigorated. The bat closely misses you.
The orc priest mumbles some strange prayers to Beogh against you.
Pain shoots through your body!
* * * LOW HITPOINT WARNING * * *
You closely miss the orc priest. Your headbutt misses the orc priest.
The orc priest is almost dead.
The bat hits you but does no damage.
The orc priest calls down the wrath of Beogh upon you.
Pain shoots through your body!
* * * LOW HITPOINT WARNING * * *
The bat hits you but does no damage.
The orc priest attacks as it pursues you!
The orc priest hits you but does no damage.
You bump into the rock wall.
The orc priest calls down the wrath of Beogh upon you.
Beogh smites you!
You die...

#. . #. #. #. #. #.##
#.# #..##### #..##
##.##..# #..#
#......#####.## .
#.............######....
##.#####...#...o@†b.....
#..# ###....#######...
##.# ####.# #.# #o####
###.###### #o.o.#
........<# ###..#
......)..# ##o#
.........# #.r.o#
####.##### #.##.r...


You could see an orc priest and a bat.

Vanquished Creatures
  Crazy Yiuf (D:2)
  2 adders
  A worm (D:2)
  A dart slug (D:1)
  3 orcs (D:3)
  5 ball pythons
  6 bats
  9 endoplasms
  7 giant cockroaches
  7 goblins
  3 hobgoblins
  3 jackals (D:2)
  3 kobolds
  2 quokkas
  3 frilled lizards (D:2)
  4 rats
60 creatures vanquished.

Notes
Turn   | Place    | Note
-------+----------+-------------------------------------------
     0 | D:1      | mutifu the Minotaur Fighter began the quest for the Orb.
     0 | D:1      | Reached XP level 1. HP: 19/19 MP: 0/0
   150 | D:1      | Reached XP level 2. HP: 27/27 MP: 1/1
   200 | D:1      | Found Omnaluib's Book Boutique.
   273 | D:1      | Found Eca Xiah's Jewellery Boutique.
   281 | D:1      | Found Zam Aveb's General Store.
   312 | D:1      | Found Gapaceto's Magic Scroll Shoppe.
   543 | D:1      | Reached XP level 3. HP: 33/33 MP: 2/2
   863 | D:2      | Reached XP level 4. HP: 38/40 MP: 3/3
   986 | D:2      | Found a runed translucent door.
   987 | D:2      | Noticed Crazy Yiuf
  1122 | D:2      | Killed Crazy Yiuf
  1251 | D:3      | Killed from afar by an orc priest

Illustrated notes

Levels and vault maps discovered:
D:1:      beargit_arrival_greenhouse, layout_basic, serial_shops, shop,
          nicolae_shop_trees, shop_fountains, nicolae_shop_hallway_plus,
          st_stairs_14
D:2:      layout_rooms, minmay_misc_feat_four_crosses, serial_bayou_ford_a,
          uniq_crazy_yiuf_cottage
D:3:      layout_rooms, hangedman_decor_slide_cut, uniq_jessica, uniq_robin

Skill      XL: |  1  2  3  4 |
---------------+-------------+-----
Fighting       | 4 |  4.0
Armour         | 4 |  4.6
Shields        | 4 |  4.3
Maces & Flails | 3 4 |  4.4

Action                     |  1- 3 |  4- 6 || total
---------------------------+-------+-------++-------
  Melee: Flail             |    88 |    37 ||   125
         Headbutt          |     8 |     2 ||    10
    Use: Scroll            |     3 |     2 ||     5
         Potion            |       |     2 ||     2
 Armour: Scale mail        |    53 |    30 ||    83
  Dodge: Dodged            |    35 |    20 ||    55
  Block: Buckler           |    15 |     8 ||    23

Table legend: (Time is in decaauts)
 A = Elapsed time spent in this place.
 B = Non-inter-level travel time spent in this place.
 C = Inter-level travel time spent in this place.
 D = Time resting spent in this place.
 E = Time spent auto-exploring this place.
 F = Levels seen in this place.
 G = Mean time per level.
                   A        B        C        D        E       F      G
               +--------+--------+--------+--------+--------+-----+--------+
         Total |   1304 |   1258 |     46 |      0 |    879 |   3 |  434.7 |
       Dungeon |   1304 |   1258 |     46 |      0 |    879 |   3 |  434.7 |
               +--------+--------+--------+--------+--------+-----+--------+

Top non-repeatable levels by time:
     D:1: 624 daAuts
     D:2: 599 daAuts
     D:3: 81 daAuts
